 Dungeon Crawl Stone Soup version 0.29.0-13-gc9e81de378 (webtiles) character file.

Game seed: 17213378329539822375

14149 RascalDebosk the Cleaver (level 11, -8/102 HPs)
             Began as a Minotaur Berserker on Sept 10, 2022.
             Was an Elder of Trog.
             Mangled by an enormous slime creature (20 damage)
             ... on level 12 of the Dungeon.
             The game lasted 01:24:19 (12402 turns).

RascalDebosk the Cleaver (Minotaur Berserker)      Turns: 12402, Time: 01:24:19

Health: -8/102     AC: 30    Str: 25    XL:     11   Next: 84%
Magic:  10/10      EV:  1    Int:  6    God:    Trog [****..]
Gold:   211        SH: 15    Dex: 11    Spells: 10/10 levels left

rFire   . . .      SeeInvis +   s - +4 war axe (vorpal)
rCold   + . .      Faith    .   L - +0 tower shield
rNeg    . . .      Spirit   .   q - +2 crystal plate armour
rPois   .          Reflect  +   (helmet restricted)
rElec   .          Harm     .   B - +2 cloak
rCorr   .          Rampage  .   w - +1 pair of gloves
Will    +++..                   c - +0 pair of boots
Stlth   ..........              o - amulet of reflection
HPRegen 1.27/turn               y - ring of protection from cold
MPRegen 0.12/turn               K - ring of Skepticism {Fly Will+ Str+2 SInv}

@: strong-willed, flying, regenerating, studying Ranged Weapons
A: horns 2, retaliatory headbutt
a: Renounce Religion, Berserk, Trog's Hand, Brothers in Arms


You were on level 12 of the Dungeon.
You worshipped Trog.
Trog was greatly pleased with you.
You visited 2 branches of the dungeon, and saw 13 of its levels.

You collected 776 gold pieces.
You spent 565 gold pieces at shops.

Inventory:

Hand Weapons
 f - a +3 spear
 i - a +0 broad axe
 s - a +4 vorpal war axe (weapon)
Missiles
 e - 23 poisoned darts
 n - 3 boomerangs (quivered)
 D - 5 atropa-tipped darts
 F - 2 curare-tipped darts
Armour
 c - a +0 pair of boots (worn)
 q - a +2 crystal plate armour (worn)
 w - a +1 pair of gloves (worn)
 B - a +2 cloak (worn)
 L - a +0 tower shield (worn)
Jewellery
 k - a +4 ring of protection
 o - an amulet of reflection (around neck)
 y - a ring of protection from cold (left hand)
 E - a ring of positive energy
 K - the ring of Skepticism (right hand) {Fly Will+ Str+2 SInv}
   (You acquired it on level 11 of the Dungeon)

   [ring of flight]

   Str:       It affects your strength (+2).
   SInv:      It lets you see invisible.
   Fly:       It grants you flight.
   Will:      It increases your willpower.
Wands
 d - a wand of polymorph (18)
 p - a wand of flame (65)
 C - a wand of paralysis (15)
 H - a wand of roots (6)
Scrolls
 j - 4 scrolls of teleportation
 r - a scroll of fog
 u - a scroll of fear
 v - a scroll of silence
 z - a scroll of poison
 A - a scroll of magic mapping
 G - 2 scrolls of summoning
 I - a scroll of blinking
 J - a scroll of identify
Potions
 a - a potion of might
 b - 2 potions of invisibility
 g - 2 potions of curing
 h - 2 potions of flight
 l - 2 potions of berserk rage
 m - a potion of resistance
 t - 2 potions of heal wounds
 x - 2 potions of magic


   Skills:
 + Level 11.0 Fighting
 + Level 11.0 Axes
 + Level 8.7 Throwing
 + Level 10.7 Armour
 - Level 2.1 Dodging
 + Level 0.7 Shields
 + Level 7.8 Evocations


You had 10 spell levels left.
You didn't know any spells.
Your spell library was empty.

Dungeon Overview and Level Annotations

Branches:
Dungeon (12/15)            Temple (1/1) D:6            Lair (0/5) D:9
    Orc (0/2) D:10

Altars:
Ashenzari
Cheibriados
Dithmenos
Elyvilon
Fedhas
Gozag
Hepliaklqana
Kikubaaqudgha
Makhleb
Nemelex Xobeh
Okawaru
Qazlal
Ru
Sif Muna
Trog
Uskayaw
Vehumet
Wu Jian
Xom
Yredelemnul
Zin
The Shining One

Shops:
D:6 ?[:[:   D:9 =   D:10 ([


Innate Abilities, Weirdness & Mutations

You have a pair of horns on your head.
You reflexively headbutt those who attack you in melee.


Message History

The boomerang hits the large slime creature!
The large slime creature is moderately wounded.
Throw: 3 boomerangs
Press: ? - help, Q - select action, (/) - cycle Shift-Dir - straight line, f/p - large slime creature
Aim: a large slime creature (moderately wounded, 85% to hit)
You throw a boomerang.
The boomerang hits the large slime creature.
The large slime creature is moderately wounded.
The large slime creature hits you!
You barely miss the large slime creature.
Your headbutt misses the large slime creature.
The large slime creature is moderately wounded.
Two slime creatures merge to form a very large slime creature.
You slash the very large slime creature!
The very large slime creature is moderately wounded.
The very large slime creature hits you but does no damage.
You block the very large slime creature's attack.
Two slime creatures merge to form an enormous slime creature.
You barely miss the enormous slime creature.
The enormous slime creature is lightly wounded.
You slash the enormous slime creature!
The enormous slime creature is lightly wounded.
You block the enormous slime creature's attack.
You hit the enormous slime creature.
You headbutt the enormous slime creature!
The enormous slime creature is moderately wounded.
The enormous slime creature hits you.
You hit the enormous slime creature.
You headbutt the enormous slime creature.
The enormous slime creature is moderately wounded.
The enormous slime creature hits you!!! The enormous slime creature hits you.
Your skin crawls.
You feel strong-willed. The enormous slime creature hits you!!
* * * LOW HITPOINT WARNING * * *
You fail to use your ability.
You block the enormous slime creature's attack.
Your two-headed ogre goes berserk!
The enormous slime creature hits you!!
You die...

##################
..........[......#
################O#
... #.# ... #@#
... #J# ... #(#
### #.# #.# .. #.#
## #.# #.#


You could see an enormous slime creature (ally target) and a friendly two-headed
ogre (summoned, berserk).

Vanquished Creatures
  2 hydras
  2 two-headed ogres
  An orc knight (D:10)
  A manticore (D:11)
  A cyclops (D:12)
  A kobold demonologist (D:9)
  An unseen horror (D:11)
  Psyche (D:11)
  A hornet (D:9)
  2 trolls
  Prince Ribbit (D:7)
  2 shadows
  8 yaks
  5 wyverns
  3 basilisks (D:9)
  6 vampire mosquitoes
  3 acid dragons
  8 water moccasins
  2 orc warriors (D:9)
  An ice beast (D:7)
  A sky beast (D:6)
  A black bear (D:7)
  5 ogres
  4 centaurs
  2 kobold brigands
  4 phantoms
  7 bullfrogs
  A necrophage (D:6)
  2 gnoll sergeants
  6 scorpions
  8 wights
  7 killer bees
  2 howler monkeys (D:8)
  2 quasits (D:7)
  Crazy Yiuf (D:7)
  3 hounds
  6 jellies
  6 orc priests
  2 iguanas
  4 orc wizards
  2 adders
  12 gnolls
  A shadow imp (D:7)
  9 white imps
  6 ufetubi
  3 worms
  5 dart slugs
  38 orcs
  6 ball pythons
  4 bats
  6 endoplasms
  10 giant cockroaches
  4 goblins
  7 hobgoblins
  10 jackals
  3 quokkas
  4 frilled lizards
  15 kobolds
  10 rats
281 creatures vanquished.

Vanquished Creatures (collateral kills)
  3 orcs (D:10)
3 creatures vanquished.

Vanquished Creatures (others)
  2 kobolds
  A bush (D:9)
  4 demonic plants (D:7)
  4 fungi (D:9)
  10 plants
21 creatures vanquished.

Grand Total: 305 creatures vanquished

Notes
Turn   | Place    | Note
-------+----------+-------------------------------------------
     0 | D:1      | RascalDebosk the Minotaur Berserker began the quest for the
                  | Orb.
     0 | D:1      | Reached XP level 1. HP: 19/19 MP: 0/0
   139 | D:1      | Reached XP level 2. HP: 27/27 MP: 1/1
   594 | D:1      | Reached skill level 1 in Throwing
   626 | D:1      | Reached XP level 3. HP: 33/33 MP: 2/2
   958 | D:1      | Reached ** piety under Trog
  1236 | D:2      | Reached skill level 1 in Evocations
  1427 | D:2      | You fall into a shaft and drop 2 floors!
  1443 | D:4      | Reached XP level 4. HP: 16/40 MP: 3/3
  1650 | D:4      | Noticed an ogre
  1667 | D:4      | Noticed a phantom
  1676 | D:4      | Killed a phantom
  1677 | D:4      | Reached XP level 5. HP: 47/47 MP: 4/4
  1680 | D:4      | Killed an ogre
  1867 | D:3      | Reached XP level 6. HP: 21/55 MP: 5/5
  2152 | D:3      | Identified the +5 short sword "Piciupriud" {vorpal, Fragile
                  | Int+7 Stlth+}
  3642 | D:4      | Reached skill level 5 in Fighting
  3642 | D:4      | Reached skill level 5 in Axes
  4165 | D:4      | Identified the +3 halberd "Awilipt" {spect, Dex+3}
  4237 | D:4      | Found a snail-covered altar of Cheibriados.
  4480 | D:5      | Entered Level 5 of the Dungeon
  4524 | D:5      | Reached XP level 7. HP: 46/61 MP: 6/6
  4838 | D:5      | Reached skill level 5 in Armour
  5198 | D:5      | Reached *** piety under Trog
  5210 | D:5      | Reached XP level 8. HP: 56/70 MP: 7/7
  5656 | D:6      | Found Tiqig's Magic Scroll Boutique.
  5682 | D:6      | Bought a scroll of vulnerability for 48 gold pieces
  5682 | D:6      | Bought a scroll of identify for 24 gold pieces
  5682 | D:6      | Bought a scroll of silence for 114 gold pieces
  5682 | D:6      | Bought 2 scrolls of identify for 48 gold pieces
  5682 | D:6      | Bought a scroll of identify for 24 gold pieces
  5714 | D:6      | Found Zuec's Antique Armour Shoppe.
  5716 | D:6      | Found Sosa's Antique Armour Shoppe.
  5718 | D:6      | Found Kaloed's Book Shoppe.
  5719 | D:6      | Found Pyist's Book Shoppe.
  5930 | D:6      | Found a staircase to the Ecumenical Temple.
  5957 | Temple   | Entered the Ecumenical Temple
  6712 | D:6      | Reached skill level 5 in Throwing
  6835 | D:7      | Reached XP level 9. HP: 79/79 MP: 8/8
  6858 | D:7      | Reached **** piety under Trog
  7066 | D:6      | Bought a pair of gloves for 103 gold pieces
  7170 | D:7      | Noticed Prince Ribbit
  7185 | D:7      | Killed Prince Ribbit
  7186 | D:7      | Reached skill level 5 in Evocations
  7822 | D:7      | Found a runed translucent door.
  7823 | D:7      | Noticed Crazy Yiuf
  7980 | D:7      | Killed Crazy Yiuf
  8206 | D:8      | Noticed a two-headed ogre
  8211 | D:8      | Killed a two-headed ogre
  8212 | D:8      | Reached XP level 10. HP: 90/90 MP: 9/9
  8983 | D:9      | Found Ufigihau's Jewellery Shoppe.
  9040 | D:6      | Bought a scroll of summoning for 114 gold pieces
  9269 | D:9      | Noticed a four-headed hydra
  9275 | D:9      | Reached ***** piety under Trog
  9280 | D:9      | Killed a ten-headed hydra
  9608 | D:6      | Bought a scroll of enchant armour for 90 gold pieces
  9722 | D:9      | Reached XP level 11. HP: 50/99 MP: 10/10
  9731 | D:9      | Reached skill level 10 in Fighting
  9739 | D:9      | Reached skill level 10 in Axes
  9890 | D:9      | Found a staircase to the Lair.
  9973 | D:9      | Identified the +2 scale mail of a bazaar {rPois MP+9}
  9977 | D:9      | Identified the +1 ring mail of Reacenifi {rF+ rC- rN+
                  | Dex+4}
 10075 | D:9      | Identified the +0 scale mail of the Lair of Beasts {rC+ rN+
                  | Int-5}
 10402 | D:10     | Entered Level 10 of the Dungeon
 10607 | D:10     | Noticed an orc knight
 10614 | D:10     | Killed an orc knight
 10615 | D:10     | Reached skill level 10 in Armour
 10620 | D:10     | Found Qutainyps's Weapon Shoppe.
 10620 | D:10     | Found a staircase to the Orcish Mines.
 10624 | D:10     | Found Osezieduc's Armour Shoppe.
 10759 | D:10     | Noticed a two-headed ogre
 10878 | D:10     | Noticed a two-headed ogre
 10886 | D:10     | Killed a two-headed ogre
 11427 | D:10     | Noticed a fire crab
 11802 | D:11     | Noticed Psyche
 11808 | D:11     | Killed Psyche
 11986 | D:11     | Identified a scroll of acquirement
 12022 | D:11     | Acquired the ring of Skepticism {Fly Will+ Str+2 SInv}
 12222 | D:11     | Noticed a five-headed hydra
 12231 | D:11     | Killed a five-headed hydra
 12402 | D:12     | Mangled by an enormous slime creature

Illustrated notes

Levels and vault maps discovered:
D:1:      dpeg_arrival_tiny_d, layout_rooms, dreamdust_princess_corridor,
          palyth_stone_intersect, grunt_decor_clamped
D:2:      layout_loops_ring, grunt_ministairs_13
D:3:      layout_basic, minmay_bisected
D:4:      layout_rooms, chei_slow_surprise, kennysheep_another_room
D:5:      layout_cave_pools
D:6:      layout_cave_pools, minmay_temple_entry_mist, gup_sewer_entry_bubbles,
          serial_shops, shop_statue, minivault_11, eino_tiny_chamber,
          minmay_shop_grid_forest, dk_rats_in_the_wall
D:7:      layout_basic, serial_demonic, serial_demonic_a, serial_demonic_e,
          serial_demonic_d, serial_demonic_a, serial_demonic_g,
          serial_demonic_g, serial_demonic_g, serial_demonic_a,
          hex_intersection, kennysheep_generic_room_15, uniq_crazy_yiuf_cottage,
          uniq_prince_ribbit1
D:8:      layout_basic
D:9:      hangedman_cross_stitches, layout_loops_ring, minmay_lair_entry_grove,
          serial_shops, nicolae_stop_n_shop_2, grunt_ministairs_11
D:10:     layout_cave_pools, orc_david_3, lightli_corner_chamber
D:11:     layout_small_grid, uniq_psyche
D:12:     lemuel_bear_cage, layout_basic
Temple:   mainiacjoe_temple_circle_huts

Skill      XL: |  1  2  3  4  5  6  7  8  9 10 11 |
---------------+----------------------------------+-----
Throwing       | 1 2 3 4 5 6 7 8 |  8.7
Fighting       | 4 5 6 7 8 9 11 | 11.0
Axes           | 4 5 6 7 8 9 11 | 11.0
Evocations     | 1 2 3 4 5 6 7 |  7.8
Armour         | 3 4 5 6 8 9 10 | 10.7
Dodging        | |  2.1
Shields        | |  0.7

Action                   |  1- 3 |  4- 6 |  7- 9 | 10-12 || total
-------------------------+-------+-------+-------+-------++-------
Melee: Hand axe          |    76 |   120 |   149 |       ||   345
       Headbutt          |     7 |    26 |    59 |    48 ||   140
       Punch             |       |     3 |       |     1 ||     4
       War axe           |       |       |   139 |   240 ||   379
       Spear             |       |       |       |     7 ||     7
Throw: Boomerang         |       |     6 |     5 |    37 ||    48
Invok: Berserk           |       |     2 |    10 |     8 ||    20
       Trog's Hand       |       |     2 |     1 |     5 ||     8
       Brothers in Arms  |       |       |       |     2 ||     2
Evoke: Wand              |       |       |       |     1 ||     1
  Use: Scroll            |       |    13 |    12 |     7 ||    32
       Potion            |       |       |       |     2 ||     2
Armor: Animal skin       |    16 |       |       |       ||    16
       Crystal plate arm |       |    98 |   245 |   230 ||   573
       Ring mail         |       |     3 |       |       ||     3
Dodge: Dodged            |    55 |    34 |    37 |    65 ||   191
Block: Other             |       |    17 |    70 |    62 ||   149
       Reflection        |       |     1 |     4 |     6 ||    11
       Tower shield      |       |       |       |     4 ||     4
